 Dungeon Crawl Stone Soup version 0.21.1-1-g345015f (webtiles) character file.

83 Doobh the Sneak (level 4, 0/27 HPs)
             Began as a Kobold Assassin on July 31, 2018.
             Slain by a hippogriff (1 damage)
             ... on level 3 of the Dungeon.
             The game lasted 00:18:05 (2069 turns).

Doobh the Sneak (Kobold Assassin)                   Turns: 2069, Time: 00:18:06

Health: 0/27       AC:  5    Str:  8    XL:     4   Next: 71%
Magic:  4/4        EV: 14    Int: 12    God:
Gold:   90         SH:  0    Dex: 17    Spells: 3/3 levels left

rFire    . . .     SeeInvis .   v - +2 short sword (freeze)
rCold    . . .     Gourm    .   (shield restricted)
rNeg     . . .     Faith    +   A - +0 leather armour
rPois    .         Spirit   .   (no helmet)
rElec    .         Reflect  .   d - +0 cloak
rCorr    .         Harm     .   q - +0 pair of gloves
MR       .....                  (no boots)
Stlth    +++.......             y - amulet of faith
HPRegen  0.09/turn              (no ring)
MPRegen  0.09/turn              (no ring)

@: no status effects
A: small, carnivore
a: no special abilities


You were on level 3 of the Dungeon.
You were completely stuffed.

You visited 1 branch of the dungeon, and saw 3 of its levels.

You collected 90 gold pieces.

Inventory:

Hand Weapons
 a - a +3 dagger
 b - a +0 blowgun
 i - a +0 hunting sling
 v - a +2 short sword of freezing (weapon)
Missiles
 e - 8 poisoned needles
 f - 8 curare-tipped needles
 h - 66 stones (quivered)
 j - 16 bolts
Armour
 d - a +0 cloak (worn)
 q - a +0 pair of gloves (worn)
 A - a +0 leather armour (worn)
Jewellery
 y - an amulet of faith (around neck)
Wands
 k - a wand of flame (14)
Scrolls
 l - a scroll of fog {unknown}
 o - a scroll of fear
 r - 3 scrolls of blinking {unknown}
 t - 2 scrolls of remove curse
 u - a scroll of magic mapping {unknown}
Potions
 m - a potion of cancellation
 n - a potion of invisibility {unknown}
 p - 2 potions of degeneration {unknown}
 s - 3 potions of curing {unknown}
 w - a potion of heal wounds {unknown}
Books
 x - a book of Minor Magic

   Spells                             Type                      Level
   a - Magic Dart                     Conjuration                  1
   b - Blink                          Translocation                2
   c - Call Imp                       Summoning                    2
   d - Slow                           Hexes                        2
   e - Conjure Flame                  Conjuration/Fire             3
   f - Mephitic Cloud                 Conjuration/Poison/Air       3
Comestibles
 g - 5 rations
 z - 7 chunks of flesh


   Skills:
 * Level 2.6 Fighting
 * Level 3.3 Short Blades
 * Level 2.5 Throwing
 * Level 1.9 Dodging
 * Level 6.9 Stealth


You had 3 spell levels left.
You didn't know any spells.

Dungeon Overview and Level Annotations

Branches:
Dungeon (3/15)

Altars:

Portals:
Sewer: D:3


Innate Abilities, Weirdness & Mutations

You are small and have problems with some larger weapons.
You are carnivorous and can eat meat at any time.


Message History

The hippogriff is lightly wounded.
The hippogriff barely misses you. The hippogriff pecks you.
The hippogriff completely misses you.
You hit the hippogriff but do no damage.
The hippogriff is lightly wounded.
The hippogriff closely misses you. The hippogriff pecks you.
The hippogriff closely misses you.
You hit the hippogriff. You freeze the hippogriff.
The hippogriff is moderately wounded.
The hippogriff bites you!
* * * LOW HITPOINT WARNING * * *
The hippogriff pecks you.
* * * LOW HITPOINT WARNING * * *
The hippogriff barely misses you.
Things that are here:
a whip; an orc skeleton; 2 inedible chunks of flesh The hippogriff closely misses you.
The hippogriff pecks you.
* * * LOW HITPOINT WARNING * * *
The hippogriff claws you.
You die...

#.....# ##.#.. ##.####
##### #)#.## #
#.######....#### ####
...............+ +...
########....#### ####
###.#.### # #.....H.#
#.#.###@# #.#.# #.# #+#
#...# #.# #.# #..## #.#
##.######## #..####.#
#........)#
#.......######...#####.#
##.####.....<......###.#
#.# #.######...#.[....
#.####.# #..######.#


You could see a hippogriff.

Vanquished Creatures
  2 adders (D:2)
  2 worms (D:2)
  3 dart slugs (D:2)
  2 leopard geckos
  2 orcs (D:3)
  2 ball pythons
  7 giant cockroaches
  5 goblins
  5 hobgoblins
  4 quokkas (D:2)
  A bat (D:2)
  3 frilled lizards
  7 kobolds
  A rat (D:2)
46 creatures vanquished.

Notes
Turn   | Place    | Note
-------+----------+-------------------------------------------
     0 | D:1      | Doobh the Kobold Assassin began the quest for the Orb.
     0 | D:1      | Reached XP level 1. HP: 12/12 MP: 1/1
   343 | D:1      | Reached XP level 2. HP: 17/17 MP: 2/2
   416 | D:1      | Reached skill level 6 in Stealth
   761 | D:1      | You fall through a shaft!
   877 | D:1      | Reached XP level 3. HP: 22/22 MP: 3/3
  1322 | D:2      | Reached XP level 4. HP: 25/27 MP: 4/4
  1798 | D:3      | Found a glowing drain.
  2025 | D:3      | Noticed a hippogriff
  2057 | D:3      | HP: 1/27 [hippogriff (4)]
  2069 | D:3      | HP: 1/27 [hippogriff (1)]
  2069 | D:3      | Slain by a hippogriff

Skill      XL: |  1  2  3 |
---------------+----------+-----
Stealth        | 6 |  6.9
Short Blades   | 3 |  3.3
Fighting       | |  2.6
Throwing       | |  2.5
Dodging        | |  1.9

Action                   |  1- 3 |  4- 6 || total
-------------------------+-------+-------++-------
Melee: Dagger            |    70 |       ||    70
       Short sword       |     1 |    53 ||    54
 Fire: Hunting sling     |     6 |       ||     6
Throw: Stone             |    12 |    13 ||    25
Evoke: Wand              |       |     3 ||     3
  Use: Scroll            |     7 |     1 ||     8
 Stab: Sleeping          |     8 |     8 ||    16
  Eat: Chunk             |     9 |     3 ||    12
Armor: Robe              |    15 |     6 ||    21
Dodge: Dodged            |    40 |    31 ||    71
